 Dungeon Crawl Stone Soup version 0.29.1-12-g30fa7ad0bf (webtiles) character file.

Game seed: 17700832622756797804

45371 diecastcamel the Fencer (level 14, 118/118 HPs)
             Began as a Merfolk Gladiator on Sept 19, 2022.
             Was a High Priest of Okawaru.
             Quit the game on level 5 of the Lair of Beasts on Dec 13, 2022.
             The game lasted 02:29:20 (26938 turns).

diecastcamel the Fencer (Merfolk Gladiator)        Turns: 26938, Time: 02:29:20

Health: 118/118    AC: 14    Str: 14    XL:     14   Next: 32%
Magic:  20/20      EV: 18    Int:  9    God:    Okawaru [*****.]
Gold:   1521       SH: 11    Dex: 19    Spells: 13/13 levels left

rFire   . . .      SeeInvis .   O - +4 short sword (freeze)
rCold   + . .      Faith    .   I - +0 kite shield
rNeg    . . .      Spirit   +   v - +4 ring mail {rC+}
rPois   +          Reflect  .   G - +2 helmet
rElec   .          Harm     .   (no cloak)
rCorr   .          Rampage  .   m - +0 pair of gloves
Will    ++...                   P - +0 pair of boots
Stlth   +.........              d - amulet of guardian spirit
HPRegen 0.29/turn               B - ring of poison resistance
MPRegen 0.17/turn               D - ring of willpower

@: no status effects
A: (nimble swimmer 2), mertail
a: Renounce Religion, Heroism, Finesse, Duel


You were on level 5 of the Lair of Beasts.
You worshipped Okawaru.
Okawaru was extremely pleased with you.
You visited 3 branches of the dungeon, and saw 16 of its levels.
You also visited: Bailey and Ice Cave.

You collected 1521 gold pieces.

Inventory:

Hand Weapons
 a - a +0 long sword
 O - a +4 short sword of freezing (weapon)
Missiles
 e - 2 javelins
 i - 127 stones
 s - an atropa-tipped dart
 F - 31 poisoned darts
 H - 14 boomerangs (quivered)
 N - 2 throwing nets
Armour
 k - a +1 leather armour of positive energy
 m - a +0 pair of gloves (worn)
 u - the +0 helmet of Xugaroyp {rPois rC- Dex-5 Slay+6}
   (Okawaru gifted it to you on level 2 of the Lair of Beasts)

   Dex:       It affects your dexterity (-5).
   Slay:      It affects your accuracy & damage with ranged weapons and melee
   (+6).
   rC:        It makes you vulnerable to cold.
   rPois:     It protects you from poison.
 v - a +4 ring mail of cold resistance (worn)
 G - a +2 helmet (worn)
 I - a +0 kite shield (worn)
 P - a +0 pair of boots (worn)
 Q - the +3 buckler of Good Intentions {rF- rN+++ Dex+3}
   (Okawaru gifted it to you on level 4 of the Lair of Beasts)

   Dex:       It affects your dexterity (+3).
   rF:        It makes you vulnerable to fire.
   rN:        It renders you almost immune to negative energy.
Jewellery
 d - an amulet of guardian spirit (around neck)
 w - a ring of positive energy
 B - a ring of poison resistance (left hand)
 D - a ring of willpower (right hand)
 J - a ring of protection from cold
 R - an amulet of reflection
Wands
 c - a wand of mindburst (2)
 h - a wand of paralysis (1)
 x - a wand of roots (19)
 A - a wand of flame (8)
Scrolls
 f - a scroll of brand weapon
 o - a scroll of enchant weapon
 q - 7 scrolls of teleportation
 y - 5 scrolls of blinking
 C - a scroll of poison
Potions
 b - a potion of cancellation
 g - a potion of heal wounds {unknown}
 j - a potion of might {unknown}
 l - 4 potions of curing
 n - a potion of berserk rage {unknown}
 p - 3 potions of mutation
 r - 5 potions of lignification
 t - a potion of haste
 z - a potion of degeneration {unknown}
 E - 3 potions of flight
Miscellaneous
 L - a condenser vane (inert)
 M - a phial of floods (inert)


   Skills:
 + Level 13.6 Fighting
 + Level 15.6 Long Blades
 - Level 8.0 Throwing
 + Level 15.5 Dodging
 + Level 6.8 Shields
 - Level 8.0 Invocations


You had 13 spell levels left.
You didn't know any spells.
Your spell library contained the following spells:

 Spells                   Type           Power      Damage    Failure   Level
 Apportation              Tloc           0%         N/A       92%         1
 Freeze                   Ice            0%         1d3       92%         1
 Necrotise                Necr           0%         1d4       92%         1
 Scorch                   Fire           0%         2d5       98%         2
 Frozen Ramparts          Ice            0%         1d1       100%        3
 Gell's Gravitas          Tloc           0%         N/A       100%        3
 Lesser Beckoning         Tloc           0%         N/A       100%        3
 Teleport Other           Tloc           0%         N/A       100%        3
 Flame Wave               Conj/Fire      0%         2d4       100%        4
 Hailstorm                Conj/Ice       0%         3d3       100%        4
 Passage of Golubria      Tloc           0%         N/A       100%        4
 Alistair's Intoxication  Tmut/Pois      0%         N/A       100%        5
 Borgnjor's Vile Clutch   Necr/Erth      0%         N/A       100%        5
 Silence                  Hex/Air        0%         N/A       100%        5
 Eringya's Noxious Bog    Tmut/Pois      0%         N/A       100%        6
 Lehudib's Crystal Spear  Conj/Erth      0%         10d2      100%        8
 Summon Small Mammal      Summ           Unusable   N/A       N/A         1
 Summon Cactus Giant      Summ           Unusable   N/A       N/A         6

Dungeon Overview and Level Annotations

Branches:
Dungeon (10/15)            Temple (1/1) D:7            Lair (5/5) D:8
  Swamp (0/4) Lair:3        Snake (0/4) Lair:2        Slime (0/5) Lair:4
 Bailey (visited)           IceCv (visited)
    Orc: D:9-12

Altars:
Ashenzari
Cheibriados
Dithmenos
Elyvilon
Fedhas
Hepliaklqana
Kikubaaqudgha
Makhleb
Nemelex Xobeh
Okawaru
Qazlal
Ru
Sif Muna
Trog
Uskayaw
Vehumet
Wu Jian
Xom
Yredelemnul
Zin
The Shining One


Innate Abilities, Weirdness & Mutations

((You are very nimble when in or above water. (Stealth+, EV+, Speed+++)))
Your lower body shifts to a powerful aquatic tail in water.


Message History

The wraith is severely damaged.
The wraith barely misses you.
You closely miss the wraith.
The wraith is severely damaged.
The wraith misses you.
You hit the wraith but do no damage.
The wraith is severely damaged.
The wraith closely misses you.
You hit the wraith.
The wraith is severely damaged.
You closely miss the wraith.
The wraith is severely damaged.
The wraith barely misses you.
You hit the wraith. You freeze the wraith.
The wraith is almost destroyed.
You block the wraith's attack.
You hit the wraith but do no damage.
The wraith is almost destroyed.
You block the wraith's attack.
You hit the wraith.
You destroy the wraith!
Okawaru accepts your kill.
You start resting.
HP restored.
Saving game... please wait.
Welcome back, diecastcamel the Merfolk Gladiator.
Okawaru says: Bring me glory in combat!
Press ? for a list of commands and other information.
Saving game... please wait.
Welcome back, diecastcamel the Merfolk Gladiator.
Okawaru says: Bring me glory in combat!
Press ? for a list of commands and other information.
Welcome back, diecastcamel the Merfolk Gladiator.
Okawaru says: Bring me glory in combat!
Press ? for a list of commands and other information.
Welcome back, diecastcamel the Merfolk Gladiator.
Okawaru says: Bring me glory in combat!
Press ? for a list of commands and other information.
Unknown command.
Are you sure you want to abandon this character and quit the game? (Confirm with "yes".)

.##...........
..#............P.....PP.
.........P..............
#..).......P..P........#
##..#...P......P......P#
##.....................#
##.......#..............
............P..÷÷[......
...............÷@.......
#.###...#######.........
.###P..## ##........
.......# ##.......
..YY..## ....... #.#hYY#
....... #.#.#.# .......
Y####.# .......
†##.#.#... .......


There were no monsters in sight!

Vanquished Creatures
  Gastronok (Lair:3)
  A white draconian (IceCv)
  Josephine (Lair:5)
  3 hydras
  A catoblepas (Lair:3)
  3 two-headed ogres
  A death yak (Lair:3)
  2 bog bodies (Lair:3)
  13 elephants
  7 black mambas
  3 gargoyles
  6 torpor snails
  2 ice statues (IceCv)
  8 rime drakes
  11 cane toads
  7 komodo dragons
  2 polar bears
  Prince Ribbit (D:4)
  9 blink frogs
  15 dream sheep
  5 wraiths (Lair:5)
  5 wyverns
  3 basilisks
  39 yaks
  A steam dragon (D:6)
  Eustachio (D:4)
  Edmund (D:5)
  19 water moccasins
  An ice beast (D:6)
  A sky beast (D:8)
  3 orc warriors
  2 ogres
  13 wolves
  7 centaurs
  A phantom (D:7)
  A kobold brigand (D:9)
  9 bullfrogs
  3 scorpions
  7 wights (D:8)
  8 killer bees
  A lindwurm simulacrum (IceCv)
  2 electric eels
  A howler monkey (D:5)
  A crimson imp (D:8)
  9 komodo dragon simulacra (IceCv)
  2 hounds (D:5)
  3 jellies
  An orc priest (D:10)
  2 gnoll boudas
  5 iguanas
  Terence (D:3)
  4 orc wizards
  Robin (D:4)
  6 acid dragon simulacra (IceCv)
  25 gnolls
  7 adders
  14 white imps
  5 steam dragon simulacra (IceCv)
  An ufetubus (D:5)
  A worm (D:5)
  2 dart slugs
  19 orcs
  4 bats
  10 endoplasms
  2 giant cockroaches
  55 goblins
  25 hobgoblins
  2 jackals (D:5)
  4 quokkas
  5 ball pythons
  4 frilled lizards
  8 kobolds
  10 rats
469 creatures vanquished.

Vanquished Creatures (collateral kills)
  An orc priest (D:4)
  2 orcs (D:4)
3 creatures vanquished.

Vanquished Creatures (others)
  A rime drake (IceCv)
  A bullfrog (Lair:4)
  A bush (Lair:5)
  27 fungi
  127 plants
157 creatures vanquished.

Grand Total: 629 creatures vanquished

Notes
Turn   | Place    | Note
-------+----------+-------------------------------------------
     0 | D:1      | diecastcamel the Merfolk Gladiator began the quest for the
                  | Orb.
     0 | D:1      | Reached XP level 1. HP: 16/16 MP: 1/1
   177 | D:1      | Reached XP level 2. HP: 23/23 MP: 2/2
   372 | D:1      | Found a faded altar of an unknown god.
   960 | D:1      | Reached XP level 3. HP: 22/28 MP: 3/3
  1319 | D:2      | Found a hazy altar of Hepliaklqana.
  1511 | D:2      | Reached skill level 5 in Long Blades
  1819 | D:3      | Found a white marble altar of Elyvilon.
  1886 | D:3      | Found a shadowy altar of Dithmenos.
  1888 | D:3      | You fall into a shaft and drop 1 floor!
  2355 | D:3      | Noticed Terence
  2363 | D:3      | Killed Terence
  2364 | D:3      | Reached XP level 4. HP: 35/35 MP: 4/4
  3147 | D:4      | Reached XP level 5. HP: 10/42 MP: 5/5
  3590 | D:4      | Reached XP level 6. HP: 36/48 MP: 6/6
  3973 | D:4      | Noticed Eustachio
  4013 | D:4      | Killed Eustachio
  4368 | D:4      | Noticed Robin
  4440 | D:4      | Killed Robin
  4542 | D:5      | Entered Level 5 of the Dungeon
  4550 | D:5      | Noticed Prince Ribbit
  4557 | D:4      | Reached XP level 7. HP: 36/55 MP: 7/7
  4726 | D:5      | Reached skill level 5 in Fighting
  4778 | D:5      | Noticed Edmund
  5021 | D:4      | Killed Prince Ribbit
  5022 | D:4      | Reached skill level 5 in Dodging
  5511 | D:5      | Reached XP level 8. HP: 54/64 MP: 8/8
  5543 | D:5      | Killed Edmund
  7656 | D:6      | Reached XP level 9. HP: 69/72 MP: 9/9
  7813 | D:6      | Reached skill level 10 in Long Blades
  7903 | D:6      | Found a blossoming altar of Fedhas.
  7903 | D:6      | Found a radiant altar of Vehumet.
  8438 | D:7      | Noticed a two-headed ogre
  8477 | D:7      | Killed a two-headed ogre
  8550 | D:7      | Found a flagged portal.
  8559 | Bailey   | Entered a bailey
  8907 | Bailey   | Noticed an orc knight
  9014 | D:7      | Found a staircase to the Ecumenical Temple.
  9027 | Temple   | Entered the Ecumenical Temple
  9027 | Temple   | Found a transporter.
  9027 | Temple   | Found a transporter.
  9029 | Temple   | Found a transporter.
  9029 | Temple   | Found a transporter.
  9063 | Temple   | Became a worshipper of Warmaster Okawaru
  9530 | D:8      | Reached skill level 1 in Invocations
  9571 | D:8      | Reached XP level 10. HP: 57/82 MP: 6/11
  9731 | D:8      | Found a staircase to the Lair.
 10575 | D:8      | Reached * piety under Okawaru
 10718 | D:8      | Found a sacrificial altar of Ru.
 10722 | D:8      | Found a broken altar of Ashenzari.
 10722 | D:8      | Found a glowing golden altar of the Shining One.
 10731 | D:8      | Found a burning altar of Makhleb.
 10734 | D:8      | Found an ornate altar of the Wu Jian Council.
 11007 | Lair:1   | Entered Level 1 of the Lair of Beasts
 11015 | Lair:1   | Noticed a six-headed hydra
 11057 | D:8      | Reached skill level 10 in Dodging
 11267 | D:9      | Reached ** piety under Okawaru
 11581 | D:9      | Reached skill level 5 in Throwing
 11866 | D:9      | Noticed a two-headed ogre
 11882 | D:9      | Killed a two-headed ogre
 11882 | D:9      | Reached *** piety under Okawaru
 12155 | D:10     | Entered Level 10 of the Dungeon
 12301 | D:10     | Noticed a two-headed ogre
 12354 | D:9      | Reached XP level 11. HP: 68/90 MP: 14/14
 12461 | D:10     | Noticed a boulder beetle
 12921 | D:9      | Received a gift from Okawaru
 12953 | D:9      | Reached skill level 5 in Invocations
 13195 | D:10     | Reached skill level 10 in Fighting
 13217 | D:10     | Killed a two-headed ogre
 13227 | D:10     | Reached **** piety under Okawaru
 13993 | D:8      | Killed a six-headed hydra
 14608 | Lair:1   | Received a gift from Okawaru
 15239 | Lair:1   | Received a gift from Okawaru
 15447 | Lair:1   | Reached ***** piety under Okawaru
 15448 | Lair:1   | Reached XP level 12. HP: 76/100 MP: 12/16
 16454 | Lair:1   | Received a gift from Okawaru
 16813 | Lair:2   | Reached skill level 1 in Shields
 16828 | Lair:2   | Found a frozen archway.
 16836 | Lair:2   | Found a gate leading to a gauntlet.
 16851 | IceCv    | Entered an ice cave
 18071 | IceCv    | Noticed a white draconian
 18122 | IceCv    | Killed a white draconian
 18990 | Lair:2   | Found a snail-covered altar of Cheibriados.
 19880 | Lair:2   | Reached XP level 13. HP: 106/108 MP: 16/18
 20230 | Lair:2   | Found a staircase to the Snake Pit.
 20564 | Lair:3   | Noticed Gastronok
 20683 | Lair:2   | Identified the +0 helmet of Xugaroyp {rPois rC- Dex-5
                  | Slay+6} (Okawaru gifted it to you on level 2 of the Lair of
                  | Beasts)
 20683 | Lair:2   | Received a gift from Okawaru
 21709 | Lair:3   | Found a staircase to the Swamp.
 22517 | Lair:3   | Killed Gastronok
 22518 | Lair:3   | Reached skill level 5 in Shields
 24035 | Lair:3   | Reached skill level 15 in Long Blades
 24729 | Lair:4   | Identified the +3 buckler of Good Intentions {rF- rN+++
                  | Dex+3} (Okawaru gifted it to you on level 4 of the Lair of
                  | Beasts)
 24729 | Lair:4   | Received a gift from Okawaru
 25458 | Lair:4   | Found a staircase to the Slime Pits.
 25633 | Lair:5   | Entered Level 5 of the Lair of Beasts
 25728 | Lair:5   | Reached skill level 15 in Dodging
 25758 | Lair:4   | Reached XP level 14. HP: 97/118 MP: 15/20
 26565 | Lair:5   | Noticed Josephine
 26574 | Lair:5   | Killed Josephine
 26938 | Lair:5   | Upgraded the game from 0.29.1-1-gd02db6906a to
                  | 0.29.1-2-gbd0b4ee654
 26938 | Lair:5   | Upgraded the game from 0.29.1-2-gbd0b4ee654 to
                  | 0.29.1-12-g30fa7ad0bf
 26938 | Lair:5   | Quit the game

Illustrated notes

Levels and vault maps discovered:
D:1:      dpeg_arrival_arbitrary_b, layout_basic,
          ebering_ecumenical_altar_abandoned
D:2:      layout_basic, basic_altar, chequers_serial_rivers_large_a
D:3:      layout_basic, elyvilon_altar_4,
          mainiacjoe_overflow_concentric_impassable, minmay_pentangle,
          uniq_terence
D:4:      layout_cave_pods, uniq_eustachio, uniq_robin
D:5:      minmay_goblin_kobold_castle, layout_basic, uniq_prince_ribbit1,
          uniq_edmund
D:6:      layout_cave_pools, gammafunk_temple_overflow_pools
D:7:      layout_rooms, minmay_temple_entry_trees, enter_bailey_2
D:8:      layout_loops_ring, minmay_overflow_temple_star_hex, dpeg_oklobed_lair,
          minmay_fire_ice_demons
D:9:      layout_rooms
D:10:     layout_loops_cross, marbit_many_paths, nicolae_gozag_seed_capital,
          orc_0_dummy, dilly_guarded_unrand_devastator
Temple:   hellmonk_temple_divided_pantheon
Lair:1:   layout_regular_city, minmay_holes
Lair:2:   layout_cave_shapes, minmay_snake_entry_six_corridors,
          gauntlet_entry_generic, portal_ice_cave_entry_imps,
          kennysheep_snail_temple
Lair:3:   nzn_winding_woodlands_stair_cross
          [nzn_winding_woodlands_5x15_sidewinder,
          nzn_winding_woodlands_center_garden, nzn_winding_woodlands_5x15_pool,
          nzn_winding_woodlands_hourglass, nzn_winding_woodlands_5x5_default,
          nzn_winding_woodlands_5x15_garden, nzn_winding_woodlands_center_lodge,
          nzn_winding_woodlands_5x15_jagged], layout_cave_shapes,
          skrybe_swamp_entry_bodies, infiniplex_staircase_pool,
          lemuel_fruit_tree, uniq_gastronok
Lair:4:   layout_gridlike, nicolae_slime_entry_slimehenge,
          small_statue_intersection, grunt_megastairs_3
Lair:5:   hangedman_lair_caniforms_friends, layout_gridlike,
          guppyfry_lair_end_dragon, serial_forest,
          infiniplex_forest_clump_diagonal, infiniplex_forest_end_2,
          infiniplex_forest_clump_tiny, infiniplex_forest_lined_2,
          infiniplex_forest_clump_curved, infiniplex_forest_clump_small,
          infiniplex_forest_lined_corner, lightli_volcano_entry_magma_tube,
          uniq_josephine

Skill      XL: |  1  2  3  4  5  6  7  8  9 10 11 12 13 |
---------------+----------------------------------------+-----
Long Blades    | 4 5 6 7 8 9 11 13 14 15 | 15.6
Fighting       | 3 4 5 7 8 9 11 12 13 | 13.6
Dodging        | 5 7 9 10 12 13 15 | 15.5
Throwing       | 4 5 6 7 8 |  8.0
Invocations    | 1 4 6 7 8 |  8.0
Shields        | 3 6 |  6.8

Action                   |  1- 3 |  4- 6 |  7- 9 | 10-12 | 13-15 || total
-------------------------+-------+-------+-------+-------+-------++-------
Melee: Long sword        |    91 |   141 |   429 |   933 |    37 ||  1631
       Tailslap          |       |     1 |     8 |       |       ||     9
       Punch             |       |     2 |     8 |    17 |       ||    27
       Short sword       |       |       |       |    42 |   903 ||   945
Throw: Stone             |    14 |       |     4 |       |       ||    18
       Dart              |       |    30 |    45 |    31 |     2 ||   108
       Boomerang         |       |       |    54 |   130 |    96 ||   280
       Throwing net      |       |       |     4 |       |     1 ||     5
       Javelin           |       |       |     3 |     6 |     4 ||    13
Invok: Heroism           |       |       |       |    14 |     7 ||    21
       Finesse           |       |       |       |     1 |     1 ||     2
Evoke: Wand              |     1 |       |       |     7 |    10 ||    18
       Condenser vane    |       |       |       |     1 |     1 ||     2
       Phial of floods   |       |       |       |       |     1 ||     1
  Use: Scroll            |     6 |     3 |     2 |    13 |     3 ||    27
       Potion            |       |       |       |     6 |     1 ||     7
 Stab: Paralysed         |     6 |       |       |       |       ||     6
Armor: Leather armour    |    13 |       |       |       |       ||    13
       Ring mail         |       |    72 |   176 |   215 |   156 ||   619
Dodge: Dodged            |    57 |   109 |   367 |   648 |   434 ||  1615
Block: Buckler           |       |       |       |    78 |    55 ||   133
       Kite shield       |       |       |       |       |   259 ||   259
       Reflection        |       |       |       |       |     1 ||     1
